 Dungeon Crawl Stone Soup version 0.30-b1-2-g02819fbbbe (webtiles) character file.

Game seed: 18247178143847002824

356 Armakuni the Ducker (level 6, -4/47 HPs)
             Began as a Human Wanderer on May 18, 2023.
             Slain by an ice beast (11 damage)
             ... on level 4 of the Dungeon.
             The game lasted 00:08:28 (2142 turns).

Armakuni the Ducker (Human Wanderer)                Turns: 2142, Time: 00:08:28

Health: -4/47      AC:  5    Str: 10    XL:     6   Next: 96%
Magic:  7/7        EV: 11    Int: 14    God:
Gold:   159        SH:  5    Dex: 15    Spells: 6/7 levels left

rFire   . . .        a - +1 dagger (venom)
rCold   . . .        d - +0 buckler
rNeg    . . .        m - +0 ring mail
rPois   +            (no helmet)
rElec   .            (no cloak)
rCorr   .            (no gloves)
SInv    .            (no boots)
Will    .....        R - amulet of regeneration
Stlth   +            P - ring of poison resistance
HPRegen 1.07/turn    (no ring)
MPRegen 0.10/turn

%: no passive effects
@: brilliant, attractive
A: no striking features
a: no special abilities


You were on level 4 of the Dungeon.
You visited 1 branch of the dungeon, and saw 4 of its levels.

You collected 159 gold pieces.

Inventory:

Hand Weapons
 a - a +1 dagger of venom (weapon)
 b - a +0 sling
Missiles
 i - 11 poisoned darts (quivered)
Armour
 d - a +0 buckler (worn)
 m - a +0 ring mail (worn)
Jewellery
 x - an amulet of magic regeneration
 A - an amulet of the acrobat
 P - a ring of poison resistance (left hand)
 R - an amulet of regeneration (around neck)
Wands
 y - a wand of charming (2)
Scrolls
 c - a scroll of fog
 g - 3 scrolls of noise
 r - a scroll of amnesia {unknown}
 s - a scroll of enchant armour {unknown}
 t - a scroll of identify
 u - 4 scrolls of teleportation
 v - a scroll of poison {unknown}
Potions
 f - a potion of cancellation
 j - a potion of might {unknown}
 l - a potion of brilliance
 n - a potion of ambrosia {unknown}
 o - a potion of magic {unknown}
 p - a potion of flight {unknown}
 q - a potion of mutation {unknown}
 w - 2 potions of resistance {unknown}


   Skills:
 - Level 3.0 Fighting
 + Level 3.0 Short Blades
 - Level 5.1 Dodging
 - Level 1.3 Stealth
 - Level 4.0 Shields
 - Level 1.2 Spellcasting
 - Level 1.2 Translocations
 - Level 1.3 Evocations


You had 6 spell levels left.
You knew the following spells:

 Your Spells              Type           Power      Damage    Failure   Level
a - Apportation           Tloc           12%        N/A       52%         1

Your spell library contained the following spells:

 Spells                   Type           Power      Damage    Failure   Level
 Gell's Gravitas          Tloc           6%         N/A       87%         3
 Ozocubu's Armour         Ice            1%         N/A       96%         3
 Stone Arrow              Conj/Erth      2%         3d7       96%         3
 Animate Armour           Summ/Erth      2%         N/A       100%        4
 Metabolic Englaciation   Hex/Ice        0%         N/A       100%        5
 Summon Forest            Summ/Tloc      1%         N/A       100%        5
 Eringya's Noxious Bog    Tmut/Pois      0%         N/A       100%        6
 Simulacrum               Ice/Necr       0%         N/A       100%        6
 Summon Hydra             Summ           0%         N/A       100%        7
 Lehudib's Crystal Spear  Conj/Erth      0%         10d2      100%        8


Dungeon Overview and Level Annotations

Branches:
Dungeon (4/15)
 Temple: D:4-7

Altars:

Shops:
D:1 *=


Message History

The ice beast is heavily wounded.
The ice beast hits you. The ice beast freezes you!
You barely miss the ice beast.
The ice beast is severely wounded.
The ice beast hits you. The ice beast freezes you!
You hit the ice beast but do no damage.
The ice beast is severely wounded.
The ice beast hits you. The ice beast freezes you!
* * * LOW HITPOINT WARNING * * *
Throw: throwing net
Press: ? - help, Q - select action, (/) - cycle Shift-Dir - straight line, f/p - ice beast
Aim: an ice beast (severely wounded, poisoned, 59% to hit)
You throw a throwing net.
The throwing net barely misses the ice beast.
The ice beast hits you.
* * * LOW HITPOINT WARNING * * *
The ice beast freezes you!
* * * LOW HITPOINT WARNING * * *
You feel better. The ice beast closely misses you.
Aiming: Charm
Press: ? - help, Shift-Dir - straight line, f/p - ice beast
Aim: an ice beast (severely wounded, poisoned, chance to affect: 51%)
Okay, then.
Unknown command.
It was a potion of brilliance.
You feel clever all of a sudden. The ice beast hits you.
* * * LOW HITPOINT WARNING * * *
The ice beast freezes you.
* * * LOW HITPOINT WARNING * * *
Okay, then.
Unknown command.
Okay, then.
Unknown command.
It was a potion of attraction.
You feel attractive to monsters.
The ice beast looks more healthy.
The ice beast hits you.
* * * LOW HITPOINT WARNING * * *
The ice beast freezes you!
You die...

###############
#...........#.#
#.####.#.#..#.#
#....#..#.#.#.#
####@#....†...####.##
......Y.########........
#####(..# ##.######
###.. #.# ##.########.#
..........# #..#
#########.# #..# #.#
#..# #.#


You could see an ice beast.

Vanquished Creatures
  Sigmund (D:3)
  A hound (D:3)
  Ijyb (D:3)
  8 adders
  A worm (D:3)
  A dart slug (D:2)
  An orc (D:3)
  5 bats
  8 endoplasms
  A giant cockroach (D:2)
  8 hobgoblins
  8 kobolds
  3 quokkas
  2 ball pythons
  4 frilled lizards
  8 goblins
  5 rats
66 creatures vanquished.

Notes
Turn   | Place    | Note
-------+----------+-------------------------------------------
     0 | D:1      | Armakuni the Human Wanderer began the quest for the Orb.
     0 | D:1      | Armakuni set off with the following items: a +0 dagger, 2
                  | throwing nets, a scroll of fog, a scroll of teleportation,
                  | a +0 leather armour; and the following spell memorised:
                  | Apportation; and the following spells available to
                  | memorise: Gell's Gravitas.
     0 | D:1      | Reached XP level 1. HP: 15/15 MP: 2/2
    73 | D:1      | Found Ethrakea's Jewellery Shoppe.
   150 | D:1      | Reached XP level 2. HP: 21/21 MP: 3/3
   455 | D:1      | Found Erhowi's Assorted Antiques.
   461 | D:1      | Reached XP level 3. HP: 24/26 MP: 4/4
   553 | D:2      | Found a faded altar of an unknown god.
   646 | D:2      | You fall into a shaft and drop 2 floors!
   689 | D:4      | Reached XP level 4. HP: 32/34 MP: 5/5
   973 | D:2      | Reached skill level 1 in Short Blades
   973 | D:2      | Reached skill level 1 in Shields
  1129 | D:2      | Reached XP level 5. HP: 37/41 MP: 6/6
  1282 | D:3      | Noticed Sigmund
  1295 | D:3      | Killed Sigmund
  1296 | D:3      | Reached XP level 6. HP: 31/47 MP: 7/7
  1927 | D:3      | Noticed Ijyb
  1958 | D:3      | Killed Ijyb
  2128 | D:4      | Noticed an ice beast
  2142 | D:4      | Slain by an ice beast

Illustrated notes

Levels and vault maps discovered:
D:1:      psy_arrival_dodecagon, layout_rooms, serial_shops,
          nicolae_shop_overgrown_old_shop, nicolae_shop_gaudy_bauble, hex_tiny,
          minmay_cupped
D:2:      layout_loops_ring, ebering_ecumenical_altar_petrified
D:3:      layout_loops_ring, uniq_ijyb, uniq_sigmund
D:4:      minmay_thinvault, layout_basic, nzn_overflow_gifts_of_might_and_magic,
          serial_shops, shop, uniq_duvessa, uniq_menkaure

Skill      XL: |  1  2  3  4  5  6 |
---------------+-------------------+-----
Fighting       | 2 3 |  3.0
Short Blades   | 1 3 |  3.0
Shields        | 1 3 4 |  4.0
Dodging        | |  5.1
Stealth        | |  1.3
Spellcasting   | |  1.2
Translocations | |  1.2
Evocations     | |  1.3

Action                     |  1- 3 |  4- 6 || total
---------------------------+-------+-------++-------
  Melee: Morningstar       |    35 |       ||    35
         Dagger            |    40 |   151 ||   191
  Throw: Throwing net      |       |     2 ||     2
    Use: Scroll            |     5 |       ||     5
         Potion            |       |     4 ||     4
   Stab: Sleeping          |     4 |       ||     4
         Held in net/web   |       |     1 ||     1
 Armour: Ring mail         |    20 |    31 ||    51
         Leather armour    |     7 |       ||     7
  Dodge: Dodged            |    48 |    78 ||   126
  Block: Buckler           |       |    25 ||    25
